 Dungeon Crawl Stone Soup version 0.31-a0-986-g5e6e4ef867 (webtiles) character file.

Game seed: 16329430119867773957

1600708 Forgeling the Slayer (level 27, 268/268 HPs)
             Began as an Armataur Delver on Nov 17, 2023.
             Was a Follower of Uskayaw.
             Escaped with the Orb
             ... and 3 runes!
             The game lasted 03:43:59 (81886 turns).

Forgeling the Slayer (Armataur Delver)             Turns: 81886, Time: 03:44:00

Health: 268/268    AC: 46    Str: 32    XL:     27
Magic:  37/37      EV:  7    Int: 15    God:    Uskayaw [*.....]
Gold:   3586       SH: 14    Dex: 15    Spells: 26/26 levels left

rFire   + + +        a - +9 broad axe (heavy)
rCold   + + +        j - +0 kite shield {reflect}
rNeg    + . .        B - +11 gold dragon scales
rPois   +            k - +1 helmet
rElec   +            c - scarf of Autotheism {rC+ rF+, Dex+5}
rCorr   +            L - +0 pair of gloves of Devotion {Will++}
SInv    +            p - +3 barding "Guntimp" {rC+ Str+3}
Will    ++++.        r - amulet "Xirghat" {Acrobat Int+2 SInv} Stlth
                     I - ring of Yhufudod {Fire rElec rCorr Str+3 Dex-5}
HPRegen 0.64/turn    o - ring of Atzunib {rC+ rN+}
MPRegen 0.25/turn

%: reflection, acrobat, roll
@: studying 2 skills
A: large, rugged brown scales 3, deformed body, armoured tail, roll, long
tongue, awkward tongue, deterioration 1
0: Orb of Zot
}: 3/15 runes: barnacled, silver, gossamer
a: Renounce Religion, Stomp


You escaped.
You worshipped Uskayaw.
Uskayaw was greatly pleased with you.
You visited 10 branches of the dungeon, and saw 50 of its levels.
You also visited: Ice Cave, Volcano and Desolation.

You collected 9191 gold pieces.
You spent 5605 gold pieces at shops.

Inventory:

Hand Weapons
 a - a +9 heavy broad axe (weapon)
 b - a +9 vampiric war axe
Missiles
 q - 8 curare-tipped darts
Armour
 c - the scarf of Autotheism (worn) {rC+ rF+, Dex+5}
   (You acquired it on level 3 of the Crypt)

   Dex+5:     It affects your dexterity (+5).
 j - a +0 kite shield of reflection (worn)
 k - a +1 helmet (worn)
 p - the +3 barding "Guntimp" (worn) {rC+ Str+3}
   (You acquired it on level 3 of the Crypt)

   Str+3:     It affects your strength (+3).
   rC+:       It protects you from cold.
 B - +11 gold dragon scales (worn)
 L - the +0 pair of gloves of Devotion (worn) {Will++}
   (You found it on level 3 of the Elven Halls)

   Will++:    It greatly increases your willpower.
Jewellery
 f - a ring of poison resistance
 l - the ring of Vodka {Fire +Blink Will+ Dex+6}
   (You found it on level 4 of the Lair of Beasts)

   [ring of fire]

   Fire:      It enhances your fire magic.
   Dex+6:     It affects your dexterity (+6).
   rF+:       It protects you from fire.
   rC-:       It makes you vulnerable to cold.
   Will+:     It increases your willpower.
   +Blink:    It lets you blink.
 n - the ring "Vuwet" {Will+ EV+5 Str+3}
   (You acquired it on level 1 of the Elven Halls)

   [ring of evasion]

   EV+5:      It affects your evasion (+5).
   Str+3:     It affects your strength (+3).
   Will+:     It increases your willpower.
 o - the ring of Atzunib (right hand) {rC+ rN+}
   (You found it on level 3 of the Crypt)

   [ring of positive energy]

   rC+:       It protects you from cold.
   rN+:       It protects you from negative energy.
 r - the amulet "Xirghat" (around neck) {Acrobat Int+2 SInv}
   (You acquired it on level 2 of the Elven Halls)

   [amulet of the acrobat]

   Acrobat:   It increases your evasion while moving and waiting.
   Int+2:     It affects your intelligence (+2).
   SInv:      It lets you see invisible.
 u - the ring "Zohyuty" {Wiz rPois rCorr}
   (You found it on level 4 of the Realm of Zot)

   [ring of wizardry]

   Wiz:       It improves your spell success rate.
   rPois:     It protects you from poison rCorr: It protects you from acid and
   corrosion.
 I - the ring of Yhufudod (left hand) {Fire rElec rCorr Str+3 Dex-5}
   (You found it in the Desolation of Salt)

   [ring of fire]

   Fire:      It enhances your fire magic.
   Str+3:     It affects your strength (+3).
   Dex-5:     It affects your dexterity (-5).
   rF+:       It protects you from fire.
   rC-:       It makes you vulnerable to cold.
   rElec:     It insulates you from electricity.
   rCorr:     It protects you from acid and corrosion.
 T - the ring "Zeclupp" {Str+6 Int+7 Dex+2}
   (You found it on level 2 of the Depths)

   [ring of strength]

   Str+6:     It affects your strength (+6).
   Int+7:     It affects your intelligence (+7).
   Dex+2:     It affects your dexterity (+2).
Wands
 d - a wand of digging (8)
 e - a wand of paralysis (44)
 h - a wand of quicksilver (60)
 i - a wand of roots (41)
 y - a wand of mindburst (14)
Scrolls
 g - a scroll of enchant weapon
 x - 2 scrolls of brand weapon
 D - 3 scrolls of blinking
 E - 6 scrolls of fear
 F - 13 scrolls of fog
 K - 12 scrolls of immolation
 P - 11 scrolls of poison
 S - 5 scrolls of butterflies
 V - 11 scrolls of vulnerability
 Y - 11 scrolls of teleportation {@r3}
Potions
 A - 7 potions of attraction
 C - 4 potions of cancellation
 G - 5 potions of ambrosia
 H - 8 potions of haste
 J - 20 potions of curing {@q1}
 M - 12 potions of might
 N - 4 potions of heal wounds {@q2}
 Q - 3 potions of magic
 R - 5 potions of resistance
 U - 12 potions of mutation
 W - 8 potions of enlightenment
Miscellaneous
 m - a phantom mirror
 s - a tin of tremorstones (2/2)
 v - a lightning rod (4/4)


   Skills:
 + Level 21.6 Fighting
 - Level 20.3(22.0) Axes
 - Level 16.0(20.9) Maces & Flails
 - Level 20.0 Armour
 - Level 12.0 Dodging
 - Level 10.0 Stealth
 - Level 17.0 Shields
 + Level 21.0 Invocations
 - Level 14.0 Evocations


You had 26 spell levels left.
You didn't know any spells.
Your spell library contained the following spells:

 Spells                   Type           Power      Damage    Failure   Level
 Magic Dart               Conj           0%         1d3       97%         1
 Sandblast                Erth           0%         2d4       97%         1
 Shock                    Conj/Air       0%         1d3       97%         1
 Slow                     Hex            0%         N/A       97%         1
 Sting                    Tmut/Pois      0%         1d3       97%         1
 Blink                    Tloc           0%         N/A       99%         2
 Call Imp                 Summ           0%         N/A       99%         2
 Cigotuvi's Dreadful Rot  Necr/Pois/Air  0%         N/A       99%         2
 Ensorcelled Hibernation  Hex/Ice        0%         N/A       99%         2
 Jinxbite                 Hex            0%         N/A       99%         2
 Lesser Beckoning         Tloc           0%         N/A       99%         2
 Momentum Strike          Conj/Tloc      0%         3d8       99%         2
 Passwall                 Tmut/Erth      0%         N/A       99%         2
 Poisonous Vapours        Pois/Air       0%         N/A       99%         2
 Scorch                   Fire           0%         2d5       99%         2
 Static Discharge         Conj/Air       0%         3-3/arc   99%         2
 Sublimation of Blood     Necr           0%         N/A       99%         2
 Wereblood                Tmut           0%         N/A       99%         2
 Call Canine Familiar     Summ           0%         N/A       100%        3
 Confusing Touch          Hex            0%         N/A       100%        3
 Dazzling Flash           Conj/Hex       0%         N/A       100%        3
 Frozen Ramparts          Ice            0%         1d1       100%        3
 Gell's Gravitas          Tloc           0%         N/A       100%        3
 Ignite Poison            Fire/Tmut/Pois 0%         N/A       100%        3
 Inner Flame              Hex/Fire       0%         N/A       100%        3
 Mephitic Cloud           Conj/Pois/Air  0%         N/A       100%        3
 Ozocubu's Armour         Ice            0%         N/A       100%        3
 Sigil of Binding         Hex            0%         N/A       100%        3
 Stone Arrow              Conj/Erth      0%         3d7       100%        3
 Teleport Other           Tloc           0%         N/A       100%        3
 Tukima's Dance           Hex            0%         N/A       100%        3
 Vampiric Draining        Necr           0%         2d6       100%        3
 Volatile Blastmotes      Fire/Tloc      0%         2d10      100%        3
 Airstrike                Air            0%         2d(0-16)  100%        4
 Anguish                  Hex/Necr       0%         N/A       100%        4
 Animate Armour           Summ/Erth      0%         N/A       100%        4
 Animate Dead             Necr           0%         N/A       100%        4
 Brom's Barrelling Bould  Conj/Erth      0%         2d3       100%        4
 Cause Fear               Hex            0%         N/A       100%        4
 Dimensional Bullseye     Hex/Tloc       0%         N/A       100%        4
 Dispel Undead            Necr           0%         3d6       100%        4
 Flame Wave               Conj/Fire      0%         2d4       100%        4
 Fulminant Prism          Conj/Hex       0%         3d5       100%        4
 Iskenderun's Mystic Bla  Conj/Tloc      0%         2d3       100%        4
 Leda's Liquefaction      Hex/Erth       0%         N/A       100%        4
 Manifold Assault         Tloc           0%         N/A       100%        4
 Olgreb's Toxic Radiance  Pois           0%         N/A       100%        4
 Passage of Golubria      Tloc           0%         N/A       100%        4
 Petrify                  Tmut/Erth      0%         N/A       100%        4
 Sticky Flame             Conj/Fire      0%         2d3       100%        4
 Summon Ice Beast         Ice/Summ       0%         N/A       100%        4
 Summon Lightning Spire   Summ/Air       0%         N/A       100%        4
 Vhi's Electric Charge    Tloc/Air       0%         N/A       100%        4
 Alistair's Intoxication  Tmut/Pois      0%         N/A       100%        5
 Arcjolt                  Conj/Air       0%         1d10      100%        5
 Fireball                 Conj/Fire      0%         3d3       100%        5
 Freezing Cloud           Conj/Ice/Air   0%         6-21      100%        5
 Iskenderun's Battlesphe  Conj           0%         2d6       100%        5
 Lee's Rapid Deconstruct  Erth           0%         3d4*      100%        5
 Metabolic Englaciation   Hex/Ice        0%         N/A       100%        5
 Summon Forest            Summ/Tloc      0%         N/A       100%        5
 Summon Mana Viper        Hex/Summ       0%         N/A       100%        5
 Yara's Violent Unravell  Hex/Tmut       0%         3d3       100%        5
 Bombard                  Conj/Erth      0%         9d1       100%        6
 Conjure Ball Lightning   Conj/Air       0%         3x3d6     100%        6
 Death Channel            Necr           0%         N/A       100%        6
 Dispersal                Tloc           0%         N/A       100%        6
 Eringya's Noxious Bog    Tmut/Pois      0%         4d6       100%        6
 Plasma Beam              Fire/Air       0%         2x1d10    100%        6
 Simulacrum               Ice/Necr       0%         N/A       100%        6
 Starburst                Conj/Fire      0%         6d3       100%        6
 Summon Cactus Giant      Summ           0%         N/A       100%        6
 Enfeeble                 Hex            0%         N/A       100%        7
 Haunt                    Necr/Summ      0%         N/A       100%        7
 Malign Gateway           Summ/Tloc      0%         N/A       100%        7
 Monstrous Menagerie      Summ           0%         N/A       100%        7
 Orb of Destruction       Conj           0%         9d5       100%        7
 Ozocubu's Refrigeration  Ice            0%         4d7       100%        7
 Spellforged Servitor     Conj/Summ      0%         N/A       100%        7
 Summon Hydra             Summ           0%         N/A       100%        7
 Discord                  Hex            0%         N/A       100%        8
 Disjunction              Tloc           0%         N/A       100%        8
 Ignition                 Fire           0%         3d3       100%        8
 Infestation              Necr           0%         N/A       100%        8
 Lehudib's Crystal Spear  Conj/Erth      0%         10d2      100%        8
 Maxwell's Capacitive Co  Air            0%         ∞         100%        8
 Summon Horrible Things   Summ           0%         N/A       100%        8
 Chain Lightning          Conj/Air       0%         N/A       100%        9
 Fire Storm               Conj/Fire      0%         5d1       100%        9
 Polar Vortex             Ice            0%         N/A       100%        9
 Shatter                  Erth           0%         3d5*      100%        9


Dungeon Overview and Level Annotations

Branches:
Dungeon (15/15)            Temple (0/1) D:7            Lair (5/5) D:9
 Shoals (4/4) Lair:2       Spider (4/4) Lair:2        Slime (0/5) Lair:4
    Orc (2/2) D:9             Elf (3/3) Orc:2        Vaults (5/5) D:13
  Crypt (3/3) Vaults:2       Tomb (0/3) Crypt:3      Depths (4/4) D:15
    Zot (5/5) Depths:4      IceCv (visited)         Volcano (visited)
Desolation (visited)

Altars:
Ashenzari
Fedhas
Gozag
Hepliaklqana
Kikubaaqudgha
Makhleb
Okawaru
Qazlal
Sif Muna
Trog
Uskayaw
Vehumet
Xom
Yredelemnul
The Shining One
Lugonu

Shops:
D:1 (   D:14 [   Orc:1 ?*:*[   Orc:2 ?[[*[   Elf:1 :!*   Elf:2 **
Shoals:3 :[!=   Vaults:1 ?   Vaults:2 =?*[[   Vaults:4 (   Depths:1 :([

Portals:
Hell: Depths:1 Depths:2 Depths:3 Depths:4
Abyss: Depths:1 Depths:2 Depths:3 Depths:4
Pandemonium: Depths:2 Depths:4
Ziggurat: Depths:2

Annotations:
Zot:2 2 transporters
Zot:3 4 transporters
Zot:4 2 runed translucent doors, Vyqe's ghost, master MfIE


Innate Abilities, Weirdness & Mutations

You are completely covered in rugged brown scales. (AC +3, +7% HP)
Armour fits poorly on your strangely shaped body.
You have a long armoured tail.
You roll when moving toward enemies. (Rampage)
Your long tongue fully drains potion bottles. (2x potion effects)
Your tongue gives you trouble enunciating. (1.5x scroll delay)
Your body sometimes deteriorates upon taking damage.


Message History

There is a stone staircase leading down here.
Unknown command.
Unknown command.
A hellwing comes into view.
Unknown command.
Aiming: Dig
Press: ? - help, Shift-Dir - straight line A rock wall.
This square is covered in magical glow.
The rock shatters into small pieces.
A hellwing comes into view.
The hellwing gives a chilling moan.
Jamoxabi comes into view.
Jamoxabi growls, "Thy will shall be my supper!"
Jamoxabi gestures at you.
The hellwing blinks!
Okay, then.
Unknown command.
Blink to where?
Press: ? - help, Dir - move target As you slowly read the scroll of blinking, it crumbles to dust.
Jamoxabi gestures at you.
The hellwing blinks!
You chop the hellwing into pieces!!!
The hellwing is severely wounded.
Jamoxabi gestures.
You slice the hellwing like a ripe choko!!!
You kill the hellwing!
Jamoxabi conjures an orb of pure magic.
An orb of destruction comes into view.
The wavering orb of destruction hits Jamoxabi!!
What level of the Dungeon? (default 1, ? - help)
Okay, then.
Unknown command.
Unknown command.
Blink to where?
Press: ? - help, Dir - move target As you slowly read the scroll of blinking, it crumbles to dust.
Jamoxabi gestures.
You have escaped!

#.†......##'#########.....#
#...........#.......#..####
#.......#####.#####.#..#
#....##.# #.# #.#..#
...#.##.# #.# #.####
.#...##.# #.#####.#
...####.# #.#.#.#.#
.∩......# #.......#
.#.##########..&@...#
.#.#.......##XX.....#
.#.##.###.###.#X#.#.#
...##.# #.###.#####.##
...##.# #.##8.8# #8.8#
...##.###.##.○.# #...#
...##.#...(X...###...#
...##.#.....#####..####
......#...............#


You could see Jamoxabi and 3 large abominations.

Vanquished Creatures
  5 dread liches
  2 ancient liches
  Mara (Depths:1)
  3 orbs of fire (Zot:5)
  2 juggernauts (Depths:4)
  Sojobo (Depths:4)
  Josephina (Zot:3)
  Bai Suzhen (Depths:2)
  Margery (Depths:1)
  4 caustic shrikes (Depths:2)
  3 curse toes
  8 Killer Klowns (Zot:5)
  Saint Roka (Depths:2)
  15 golden dragons
  Nikola (Vaults:1)
  A profane servitor (Zot:5)
  Arachne (Spider:4)
  3 electric golems
  A hellephant (Depths:1)
  A Hell Sentinel (D:13)
  17 tentacled monstrosities
  11 liches
  4 titans
  3 walking crystal tomes
  A walking earthen tome (Depths:2)
  2 deep elf master archers (Elf:3)
  3 walking divine tomes (Depths:4)
  3 deep elf blademasters
  2 walking frostbound tomes (Depths:4)
  27 Orb Guardians
  12 quicksilver dragons
  8 death cobs
  5 sphinxes
  An Executioner (Zot:1)
  Gastronok (Lair:1)
  10 ancient champions
  3 krakens
  Polyphemus (Shoals:3)
  11 tengu reavers
  Roxanne (Spider:4)
  9 shadow dragons
  13 storm dragons
  2 revenants
  4 draconian monks
  A fenstrider witch (shapeshifter) (Depths:4)
  9 draconian knights
  Donald (Shoals:1)
  3 deep elf sorcerers
  4 iron dragons (Depths:4)
  A demonspawn warmonger (Zot:1)
  Ilsuiw (Shoals:2)
  11 fire giants
  13 frost giants
  2 emperor scorpions (Spider:4)
  2 balrugs
  10 draconian scorchers
  7 draconian shifters
  A juggernaut zombie (Crypt:3)
  An orc warlord (Vaults:4)
  6 deep elf elementalists (Elf:3)
  21 vault wardens
  3 draconian annihilators
  25 ironbound preservers
  2 imperial myrmidons (Desolation)
  3 ghost moths
  A curse skull (Vaults:2)
  A formless jellyfish (Vaults:3)
  11 ghouls
  3 spriggan defenders (Depths:4)
  8 broodmothers
  A reaper (Depths:3)
  8 ironbound thunderhulks
  A demonspawn blood saint (Depths:1)
  19 stone giants
  A demonspawn black sun (Zot:1)
  5 deep elf demonologists
  29 very ugly things
  The ghost of GreenGuy14 the Severer, a journeyman MiFi of Yredelemnul (Shoals:2)
  2 lorocyprocas
  6 green draconians
  7 deep elf annihilators (Elf:3)
  5 vampire knights
  The ghost of Godezusi the Martial Artist, a journeyman DsFi of Jiyva (Lair:4)
  Azrael (Orc:2)
  6 spark wasps
  2 dire elephants
  6 red draconians
  6 purple draconians
  10 black draconians
  A spark wasp (shapeshifter) (Vaults:5)
  10 yellow draconians
  13 white draconians
  A minotaur (shapeshifter) (Depths:4)
  Snorg (D:10)
  2 halazid warlocks (Desolation)
  3 eidola
  3 merfolk javelineers
  14 deep elf death magi
  2 crystal guardians (Desolation)
  7 ettins
  2 mummy priests (Crypt:3)
  2 blizzard demons
  10 fire dragons
  7 deep elf high priests
  2 quicksilver dragon zombies
  8 entropy weavers
  8 ragged hierophants (Desolation)
  8 merfolk impalers
  20 jiangshi
  5 rakshasas
  12 yaktaur captains
  Fannar (Orc:1)
  33 vault guards
  A quicksilver dragon skeleton (Crypt:2)
  Harold (D:11)
  5 servants of whispers (Desolation)
  Erica (D:9)
  2 hell beasts
  2 great orbs of eyes
  10 ice dragons
  5 peacekeepers (Desolation)
  An Orb Guardian zombie (Crypt:2)
  5 radroaches
  5 hydras
  9 ironbound frosthearts
  5 spriggan air magi
  5 ogre magi
  A caustic shrike simulacrum (Crypt:3)
  12 centaur warriors
  2 jorogumos (Spider:4)
  The ghost of grandjackal the Fighter, a novice DrGl of Gozag (D:8)
  2 merfolk avatars
  3 alligator snapping turtles
  8 boulder beetles
  16 two-headed ogres
  7 deep troll earth magi
  5 tengu warriors
  A catoblepas (Shoals:3)
  3 death knights
  11 deep troll shamans
  2 satyrs (Shoals:4)
  A titan zombie (Crypt:3)
  28 dancing weapons
  8 spriggan berserkers
  8 vampire magi
  An orc high priest (Elf:2)
  7 demonic crawlers
  Nergalle (Lair:1)
  10 death yaks
  A sun demon (Depths:2)
  5 iron trolls
  5 hell knights
  A storm dragon zombie (Crypt:3)
  3 skysharks
  2 soul eaters (Crypt:3)
  Amaemon (Lair:1)
  19 deep elf knights
  2 sixfirhies (Depths:2)
  8 pharaoh ants
  9 sea snakes
  A fire crab (shapeshifter) (Depths:4)
  5 shadow wraiths
  77 deep trolls
  2 titan skeletons
  A golden dragon zombie (Vaults:2)
  27 skeletal warriors
  2 spark wasp zombies
  6 flayed ghosts
  2 glowing orange brains (Depths:2)
  2 sun moths
  4 arcanists
  5 steelbarb worms
  A shadow dragon zombie (Vaults:2)
  A sea snake (shapeshifter) (Elf:3)
  14 deep elf archers
  14 orb spiders
  20 ironbound convokers
  An iron giant skeleton (Crypt:1)
  9 phantasmal warriors
  4 bog bodies
  21 deep elf pyromancers
  A fenstrider witch simulacrum (Crypt:1)
  2 lindwurms (shapeshifter)
  A golden dragon skeleton (Depths:2)
  6 lindwurms
  18 harpies
  A harpy (shapeshifter) (D:8)
  27 deep elf zephyrmancers
  9 necromancers
  5 orc knights
  2 oklob plants
  29 ugly things
  A fire giant zombie (Depths:2)
  2 orc sorcerers
  An anaconda skeleton (Crypt:3)
  14 cyclopes
  20 fauns
  A frost giant zombie (Vaults:2)
  18 manticores
  2 salamanders (shapeshifter)
  29 moths of wrath
  A tengu skeleton (Depths:3)
  A moth of wrath (shapeshifter) (Depths:1)
  26 wolf spiders
  3 merfolk sirens
  29 vault sentinels
  9 water nymphs
  An iron dragon skeleton (Crypt:3)
  A stone giant skeleton (Vaults:1)
  7 guardian serpents (Desolation)
  3 elephants (Lair:3)
  2 orange demons
  A titan simulacrum (Crypt:1)
  A frost giant skeleton (Depths:2)
  A smoke demon (D:11)
  6 black mambas
  4 torpor snails
  3 molten gargoyles
  An ice statue (IceCv)
  Joseph (D:7)
  3 gargoyles
  A hellion (Depths:2)
  14 cane toads
  Jeremiah (Lair:1)
  A storm dragon simulacrum (Zot:3)
  38 yaktaurs
  3 unseen horrors
  3 efreet
  A kobold demonologist (D:5)
  10 rime drakes
  11 komodo dragons
  2 human zombies (Vaults:1)
  2 bunyip simulacra (Crypt:1)
  2 ice devils (IceCv)
  A white draconian skeleton (Crypt:1)
  A hydra zombie (Crypt:3)
  6 tengu conjurers
  An anaconda simulacrum (Crypt:1)
  7 guardian mummies (Crypt:3)
  14 freezing wraiths
  2 human skeletons (Vaults:2)
  A ghost moth simulacrum (Zot:3)
  2 red devils
  3 polar bears
  9 hornets
  5 trolls
  22 merfolk
  3 meliai (D:14)
  2 hellwings
  A harpy zombie (Crypt:3)
  7 wind drakes
  A shadow dragon simulacrum (Zot:3)
  10 dream sheep
  An ettin zombie (Vaults:3)
  A hornet (shapeshifter) (D:8)
  32 tarantellas
  A dream sheep (shapeshifter) (Vaults:5)
  A glass eye (shapeshifter) (Vaults:2)
  57 saltlings (Desolation)
  8 blink frogs (Lair:4)
  7 snapping turtles
  3 glass eyes
  A harpy skeleton (Crypt:2)
  37 slime creatures
  A stone giant simulacrum (Vaults:3)
  A jumping spider (shapeshifter) (Vaults:4)
  11 flying skulls (Crypt:2)
  41 jumping spiders
  4 air elementals
  3 shadows
  3 wyverns
  Sigmund (D:5)
  24 culicivoras
  A satyr skeleton (Crypt:2)
  4 dire elephant simulacra
  16 spriggans
  5 humans
  8 centaur simulacra
  An ettin skeleton (Crypt:2)
  A black mamba skeleton (Crypt:2)
  An ushabti (Crypt:3)
  6 basilisks
  13 water elementals
  9 wraiths
  53 yaks
  A spriggan (shapeshifter) (D:8)
  A yak (shapeshifter) (D:8)
  2 chaos spawn (D:10)
  3 fire bats (Orc:2)
  A basilisk (shapeshifter) (D:15)
  12 fire elementals
  2 yaktaur simulacra
  Grum (Lair:1)
  A catoblepas simulacrum (Lair:4)
  A redback (shapeshifter) (Depths:4)
  A redback simulacrum (D:15)
  3 neqoxecs
  4 elf skeletons
  78 redbacks
  3 vampire mosquitoes (D:12)
  An elf simulacrum (Vaults:2)
  4 wargs
  A two-headed ogre zombie (Crypt:1)
  4 acid dragons
  19 water moccasins
  2 death yak simulacra (IceCv)
  3 harpy simulacra (Crypt:1)
  2 moth of wrath simulacra (Zot:3)
  A hydra simulacrum (Lair:4)
  A hell hound (Orc:2)
  A glowing shapeshifter skeleton (Vaults:3)
  2 ice beasts
  14 orc warriors
  2 sky beasts (D:8)
  The ghost of wally255 the Ruffian, an amateur TrMo (D:5)
  A swamp dragon zombie (Crypt:2)
  8 black bears
  2 black mamba simulacra
  5 boggarts (Lair:5)
  25 ogres
  An elephant zombie (Crypt:1)
  A boulder beetle simulacrum (Lair:4)
  14 centaurs
  26 wolves
  A hog zombie (Crypt:1)
  A blink frog skeleton (Crypt:3)
  A phantom (D:5)
  A salamander zombie (Crypt:3)
  2 kobold brigands
  A necrophage (Crypt:2)
  2 cane toad simulacra (IceCv)
  A gnoll sergeant (D:11)
  13 bullfrogs
  7 earth elementals
  A wyvern zombie (Crypt:2)
  9 scorpions (D:7)
  8 two-headed ogre simulacra (IceCv)
  A yaktaur skeleton (Crypt:1)
  A wight (D:5)
  A wyvern skeleton (Crypt:2)
  A dream sheep simulacrum (Lair:4)
  An elephant simulacrum (IceCv)
  9 killer bees
  A yak skeleton (Crypt:3)
  12 electric eels
  7 howler monkeys
  A rime drake simulacrum (Lair:4)
  10 hounds
  A bullfrog skeleton (Crypt:1)
  2 jellies
  9 orc priests
  2 gnoll boudas
  A sleepcap (D:7)
  4 iguanas
  18 orc wizards
  2 polar bear simulacra (IceCv)
  5 spriggan simulacra
  2 troll simulacra (IceCv)
  3 wolf simulacra (IceCv)
  A naga skeleton (Crypt:2)
  A deep dwarf skeleton (Crypt:3)
  24 gnolls
  8 adders
  14 naga simulacra
  A shadow imp (D:5)
  5 white imps
  8 ufetubi
  2 iguana zombies
  A lava snake skeleton (Crypt:3)
  4 worms
  9 dart slugs
  50 orcs
  7 bats
  4 endoplasms
  6 giant cockroaches
  5 goblins
  8 hobgoblins
  5 jackals
  15 kobolds
  8 quokkas
  6 ball pythons
  A frilled lizard (D:1)
  A frilled lizard zombie (Crypt:1)
  A giant cockroach zombie (Crypt:2)
  6 rats
  A rat zombie (Crypt:3)
  A river rat skeleton (Crypt:1)
  A spectral weapon (Elf:2)
  7 tentacles
2567 creatures vanquished.

Vanquished Creatures (collateral kills)
  A merfolk avatar (Shoals:1)
  A wolf spider (Spider:4)
  A merfolk (Shoals:1)
3 creatures vanquished.

Vanquished Creatures (others)
  A Killer Klown (Zot:5)
  A deep elf elementalist (Elf:3)
  A ragged hierophant (Desolation)
  A vampire mage (Depths:4)
  A deep elf archer (Elf:1)
  3 deep elf zephyrmancers
  2 saltlings (Desolation)
  A culicivora (Spider:4)
  A water elemental (Elf:1)
  2 redbacks
  An orc wizard (Orc:2)
  A gnoll (Orc:1)
  19 tentacles
35 creatures vanquished.

Grand Total: 2605 creatures vanquished

Notes
Turn   | Place    | Note
-------+----------+-------------------------------------------
     0 | D:5      | Forgeling the Armataur Delver began the quest for the Orb.
     0 | D:5      | Reached XP level 1. HP: 19/19 MP: 1/1
   292 | D:2      | Reached XP level 2. HP: 26/26 MP: 2/2
   547 | D:2      | Identified the ring "Yfe Wat" {*Slow EV+5 Int+6 Slay+2}
   750 | D:1      | Reached XP level 3. HP: 32/32 MP: 3/3
   815 | D:1      | Got the Almanac of Injurious Illusion
   873 | D:1      | Found Attih's Antique Weapon Shop.
  2171 | D:3      | Found a radiant altar of Vehumet.
  2210 | D:3      | Reached XP level 4. HP: 39/39 MP: 4/4
  2449 | D:3      | Found a faded altar of an unknown god.
  2584 | D:3      | Found a hide-covered altar of Uskayaw.
  2914 | D:3      | HP: 1/39 [gnoll/+0 halberd (6)]
  3040 | D:3      | Reached XP level 5. HP: 13/44 MP: 5/5
  3357 | D:3      | Became a worshipper of Uskayaw the Reveller
  3520 | D:4      | Reached * piety under Uskayaw
  3521 | D:4      | Reached skill level 5 in Maces & Flails
  3717 | D:4      | Noticed a black bear
  4302 | D:5      | Found a transporter.
  4302 | D:5      | Noticed wally255's ghost (amateur TrMo)
  4305 | D:5      | Found a transporter.
  4367 | D:5      | Noticed Sigmund
  4421 | D:5      | Reached ** piety under Uskayaw
  4628 | D:5      | Noticed an ogre
  4813 | D:5      | Reached XP level 6. HP: 23/54 MP: 6/6
  5222 | D:5      | Reached *** piety under Uskayaw
  5224 | D:5      | Reached XP level 7. HP: 44/60 MP: 7/7
  5659 | D:6      | Identified the "Upir"
  5684 | D:6      | Noticed a kobold demonologist
  5745 | D:6      | Noticed a hellwing
  5763 | D:5      | Killed a kobold demonologist
  5995 | D:6      | Noticed a human
  5995 | D:6      | Noticed a human
  5995 | D:6      | Noticed a human
  6032 | D:5      | Killed a human
  6033 | D:5      | Reached XP level 8. HP: 29/71 MP: 8/8
  6186 | D:6      | Reached skill level 5 in Fighting
  6301 | D:6      | Found an iron altar of Okawaru.
  7230 | D:6      | Reached skill level 10 in Maces & Flails
  7463 | D:6      | Reached XP level 9. HP: 73/79 MP: 9/9
  7578 | D:4      | Reached skill level 1 in Invocations
  7840 | D:7      | Found a staircase to the Ecumenical Temple.
  8051 | D:7      | Noticed Joseph
  8552 | D:7      | Found an ancient bone altar of Kikubaaqudgha.
  8600 | D:7      | Found a runed translucent gate.
  8608 | D:7      | Found a runed translucent door.
  8616 | D:7      | Found the +9 staff of Olgreb {rPois∞}
  8648 | D:7      | Found a runed translucent gate.
  8648 | D:7      | Found a runed translucent gate.
  8649 | D:7      | Found a runed translucent door.
  8966 | D:8      | Found a basalt altar of Yredelemnul.
  9627 | D:7      | Reached **** piety under Uskayaw
  9637 | D:8      | Reached ***** piety under Uskayaw
  9865 | D:8      | Found a runed translucent gate.
  9865 | D:8      | Found a runed translucent gate.
  9866 | D:8      | Found a runed translucent gate.
  9882 | D:8      | Noticed a cyan ugly thing
  9883 | D:8      | Noticed a purple ugly thing
  9883 | D:8      | Noticed a red ugly thing
  9883 | D:8      | Noticed a cyan ugly thing
  9949 | D:8      | Found a stormy altar of Qazlal.
 10315 | D:8      | Reached XP level 10. HP: 72/88 MP: 12/12
 10836 | D:9      | Noticed a two-headed ogre
 10863 | D:9      | Reached skill level 1 in Armour
 11069 | D:9      | Found a staircase to the Lair.
 11070 | D:9      | Identified the +5 war axe of Amorality {pain, rPois rF+
                  | rN+}
 11161 | D:9      | Noticed Erica
 11181 | D:9      | Killed Erica
 11460 | D:9      | Found a staircase to the Orcish Mines.
 11729 | D:9      | Noticed a cyclops
 11743 | D:9      | Killed a cyclops
 11822 | D:9      | Noticed a rakshasa
 11827 | Lair:1   | Entered Level 1 of the Lair of Beasts
 11827 | Lair:1   | Noticed Grum
 11865 | Lair:1   | Killed Grum
 12440 | Lair:1   | Noticed an orange demon
 12441 | Lair:1   | Found a transporter.
 12441 | Lair:1   | Found a transporter.
 12441 | Lair:1   | Noticed a boulder beetle
 12441 | Lair:1   | Noticed Amaemon
 12462 | Lair:1   | Noticed Nergalle
 12474 | Lair:1   | Killed Nergalle
 12475 | Lair:1   | Reached XP level 11. HP: 68/99 MP: 13/13
 12690 | Lair:1   | Killed Amaemon
 12785 | Lair:1   | You fall into a shaft and drop 1 floor!
 12785 | Gauntlet | Identified the of Viohuc
 12796 | Lair:1   | Noticed Gastronok
 12879 | Lair:1   | Noticed Jeremiah
 12908 | Lair:1   | Killed Jeremiah
 12909 | Lair:1   | Reached skill level 10 in Armour
 13639 | Lair:1   | Killed Gastronok
 13640 | Lair:1   | Reached skill level 5 in Invocations
 13921 | Lair:2   | Found a staircase to the Shoals.
 13921 | Lair:2   | Noticed a harpy
 13930 | Lair:2   | Killed a harpy
 14049 | Lair:2   | Identified the +0 ring mail of the Hecatoncheires {rF+
                  | Dex+3}
 14155 | Lair:2   | Found a hole to the Spider Nest.
 14289 | Lair:2   | Noticed an eight-headed hydra
 14308 | Lair:2   | Killed an eight-headed hydra
 14309 | Lair:2   | Reached XP level 12. HP: 90/110 MP: 16/16
 15264 | Lair:3   | Noticed a death yak
 15264 | Lair:3   | Noticed a death yak
 15267 | Lair:3   | Noticed a death yak
 15267 | Lair:3   | Noticed a death yak
 15268 | Lair:3   | Noticed a death yak
 15269 | Lair:3   | Noticed a death yak
 15291 | Lair:2   | Killed a death yak
 15610 | Lair:3   | Reached skill level 10 in Fighting
 15746 | Lair:2   | Killed a death yak
 16000 | Lair:2   | Killed a death yak
 16063 | Lair:2   | Killed a death yak
 16479 | Lair:3   | Killed a death yak
 16485 | Lair:3   | Killed a death yak
 16902 | D:9      | Killed a two-headed ogre
 16921 | D:9      | Killed a rakshasa
 16922 | D:9      | Reached XP level 13. HP: 67/120 MP: 20/20
 17277 | D:9      | Reached XP level 14. HP: 128/128 MP: 24/24
 17277 | D:9      | Reached XP level 15. HP: 133/133 MP: 25/25
 17313 | D:10     | Entered Level 10 of the Dungeon
 17565 | D:10     | Noticed Snorg
 17581 | D:10     | Killed Snorg
 18002 | D:10     | Found a blossoming altar of Fedhas.
 18007 | D:10     | Found a shimmering blue altar of Sif Muna.
 18812 | D:11     | Noticed Harold
 18833 | D:11     | Killed Harold
 19670 | Lair:4   | Reached skill level 1 in Evocations
 20014 | Lair:4   | Found a staircase to the Slime Pits.
 20056 | Lair:4   | Noticed Godezusi's ghost (journeyman DsFi)
 20076 | Lair:4   | Found a runed translucent gate.
 20076 | Lair:4   | Found a runed translucent gate.
 20076 | Lair:4   | Found a runed translucent gate.
 20142 | Lair:4   | Reached ****** piety under Uskayaw
 20152 | Lair:4   | Killed Godezusi's ghost
 20183 | Lair:4   | Got the ring of Vodka {Fire +Blink Will+ Dex+6}
 20281 | Lair:4   | Found a frozen archway.
 20462 | IceCv    | Entered an ice cave
 20599 | IceCv    | Reached skill level 5 in Evocations
 22305 | Lair:5   | Entered Level 5 of the Lair of Beasts
 22594 | Lair:5   | Found an opulent altar of Gozag.
 24482 | D:5      | Killed wally255's ghost
 24548 | D:5      | Killed Sigmund
 24641 | D:7      | Found a glowing golden altar of the Shining One.
 24788 | D:7      | Killed Joseph
 25169 | D:8      | Reached XP level 16. HP: 148/148 MP: 26/26
 25172 | D:8      | Found a runed translucent gate.
 25172 | D:8      | Found a runed translucent gate.
 25175 | D:8      | Noticed grandjackal's ghost (novice DrGl)
 25176 | D:8      | Found a runed translucent gate.
 25195 | D:8      | Killed grandjackal's ghost
 25433 | D:11     | HP: 1/148 [very large slime creature (38)]
 26675 | D:12     | Reached skill level 1 in Shields
 27718 | Orc:1    | Entered Level 1 of the Orcish Mines
 27738 | Orc:1    | Found Caegoubb's Armour Boutique.
 27844 | Orc:2    | Entered Level 2 of the Orcish Mines
 27844 | Orc:2    | Noticed Azrael
 27863 | Orc:2    | Killed Azrael
 27912 | Orc:2    | Found a dark tunnel.
 27928 | Volcano  | Entered a volcano
 28165 | Volcano  | Reached skill level 5 in Shields
 28298 | Orc:1    | Found Wamosa's General Store.
 28359 | Orc:1    | Found Yfulaso's Assorted Antiques.
 28364 | Orc:1    | Found Ziadef's Book Emporium.
 28483 | Orc:1    | Noticed Fannar
 28490 | Orc:1    | Killed Fannar
 28714 | Orc:1    | Found Nythuleu's Magic Scroll Shoppe.
 28841 | Orc:2    | Found Astrath's Magic Scroll Shoppe.
 29055 | Orc:2    | Paralysed by an ogre mage for 4 turns
 29062 | Orc:2    | Paralysed by an ogre mage for 2 turns
 29390 | Orc:1    | Bought a scroll of blinking for 120 gold pieces
 29671 | Orc:2    | Found a staircase to the Elven Halls.
 29720 | Orc:2    | Found Faboik's Antique Armour Shoppe.
 29720 | Orc:2    | Found Buofapp's Armour Shop.
 29721 | Orc:2    | Found Liuxkiuv's General Store.
 29721 | Orc:2    | Found Eskoxum's Antique Armour Emporium.
 30107 | Orc:2    | Bought a phantom mirror for 600 gold pieces
 30161 | Orc:1    | Bought a tin of tremorstones (2/2) for 640 gold pieces
 30652 | D:13     | Found a gate to the Vaults.
 31613 | D:14     | Reached skill level 15 in Maces & Flails
 31879 | D:14     | Reached XP level 17. HP: 68/156 MP: 27/27
 32113 | D:14     | Noticed Nessos
 32119 | D:14     | Nessos changed into Nessos the cyclops
 32119 | D:14     | Noticed Nessos
 32121 | D:14     | Killed Nessos the cyclops
 32169 | D:14     | Found a transporter.
 32169 | D:14     | Found Ammi's Antique Armour Shoppe.
 32183 | D:14     | Found a bloodstained altar of Trog.
 32260 | D:14     | Found a transporter.
 32380 | D:15     | Entered Level 15 of the Dungeon
 32518 | D:15     | Found a staircase to the Depths.
 32655 | D:15     | Found a broken altar of Ashenzari.
 32882 | D:15     | Reached skill level 10 in Shields
 33312 | Orc:2    | Bought the +1 cloak of Proximity {Drain Int+2 Slay+2} for
                  | 305 gold pieces
 33480 | D:14     | Bought a twisted plate armour for 840 gold pieces
 33480 | D:14     | Identified the +13 plate armour of the Flute {rC- Regen+
                  | Int+3} (You bought it in a shop on level 14 of the Dungeon)
 33756 | Shoals:1 | Entered Level 1 of the Shoals
 33882 | Shoals:1 | Noticed a kraken
 33892 | Shoals:1 | Killed a kraken
 33918 | Shoals:1 | Noticed a kraken
 33927 | Shoals:1 | Killed a kraken
 33940 | Shoals:1 | Noticed Donald
 33954 | Shoals:1 | Killed Donald
 34554 | Shoals:2 | Noticed Ilsuiw
 34558 | Shoals:2 | Killed Ilsuiw
 34688 | Shoals:2 | Identified the +6 chain mail of Instinct {Str+3 Int+3
                  | Slay-4}
 34773 | Shoals:2 | Found a runed translucent gate.
 34773 | Shoals:2 | Found a runed translucent gate.
 34774 | Shoals:2 | Found a runed translucent gate.
 34774 | Shoals:2 | Noticed GreenGuy14's ghost (journeyman MiFi)
 35043 | Shoals:2 | Noticed a kraken
 35057 | Shoals:2 | Killed a kraken
 35281 | Shoals:2 | Killed GreenGuy14's ghost
 35412 | Shoals:3 | Identified the +0 plate armour of the Dwarven Hall {Int+4}
 35453 | Shoals:3 | Noticed Polyphemus
 35475 | Shoals:3 | Killed Polyphemus
 35477 | Shoals:3 | Reached skill level 5 in Dodging
 35477 | Shoals:3 | Reached skill level 10 in Stealth
 35727 | Shoals:3 | Reached XP level 18. HP: 134/164 MP: 28/28
 35791 | Shoals:3 | Found Tewkeq's Distillery.
 35830 | Shoals:3 | Found Tewkeq's Jewellery Boutique.
 35910 | Shoals:3 | Found Zujidaem's Antique Armour Shop.
 35916 | Shoals:3 | Found Ninot's Book Boutique.
 35918 | Shoals:3 | Bought a crude scarf for 270 gold pieces
 35918 | Shoals:3 | Identified the scarf of Fallacy {shadows, Harm} (You bought
                  | it in a shop on level 3 of the Shoals)
 36076 | Shoals:4 | Entered Level 4 of the Shoals
 36177 | Shoals:4 | Identified the +8 long sword "Tyviwono" {freeze, Drain rF+
                  | Dex+2}
 36473 | Shoals:4 | Got a barnacled rune of Zot
 36502 | Shoals:4 | Identified the +9 plate armour of the Boiling Point {*Slow
                  | rCorr Str+7 Int+2}
 36537 | Shoals:4 | Reached skill level 10 in Evocations
 37130 | Shoals:3 | Identified the +8 hand axe of the Solstice {flame, rCorr}
 37267 | Spider:1 | Entered Level 1 of the Spider Nest
 37440 | Spider:1 | Reached skill level 1 in Axes
 38491 | Spider:2 | Reached skill level 5 in Axes
 38850 | Spider:2 | Identified the +6 ring mail of Dyuthruism {Rampage}
 39868 | Spider:3 | Reached XP level 19. HP: 147/171 MP: 29/29
 41512 | Spider:4 | Entered Level 4 of the Spider Nest
 41593 | Spider:4 | Noticed Arachne
 41613 | Spider:4 | Killed Arachne
 41790 | Spider:4 | Reached skill level 10 in Axes
 42043 | Spider:4 | Noticed Roxanne
 42166 | Spider:4 | Killed Roxanne
 42424 | Spider:4 | Identified the +3 kite shield of the Akabeko {Int+6}
 42568 | Spider:4 | Got a gossamer rune of Zot
 43176 | Desolati | Identified the "Hiwiw"
 43176 | Desolati | Identified the "Zyotoil"
 43176 | Desolati | Identified the "Faulin"
 43176 | Vaults:5 | Identified the "Puugeg"
 43176 | Vaults:5 | Identified the of Bicusobrae
 43176 | Crypt:1  | Identified the of Bimicrau
 43176 | Elf:1    | Entered Level 1 of the Elven Halls
 43182 | Elf:1    | Paralysed by an air elemental for 1 turns
 43533 | Elf:1    | Paralysed by an air elemental for 1 turns
 43808 | Elf:1    | Found Pekis's Book Shoppe.
 44001 | Elf:1    | Found Mudoxaoh's Assorted Antiques.
 44266 | Elf:1    | Found Cyrph's Distillery.
 44413 | Elf:1    | Identified the +5 whip of Ymoatarr {protect, Fly rPois
                  | Int+6 Stlth-}
 44740 | Vaults:1 | Entered Level 1 of the Vaults
 44781 | D:13     | Reached XP level 20. HP: 99/179 MP: 13/30
 44965 | Vaults:1 | Found a crumbling gateway.
 44975 | Desolati | Entered the Desolation of Salt
 45389 | Desolati | Reached skill level 15 in Armour
 45440 | Desolati | Identified the +0 broad axe "Vuoxzeoj" {speed, rF+ Will+
                  | Int+3 Dex+4}
 45443 | Desolati | Identified the +0 scale mail of Ewni Ris {-Cast rF- Will++
                  | Regen+}
 45465 | Desolati | Identified the +7 longbow "Ehiwot" {antimagic, rElec rPois
                  | Str+3 Int+4}
 45575 | Desolati | Identified the +1 short sword "Casaz Sel" {flame, Str+5
                  | Dex-5}
 46076 | Desolati | Found the +7 Spriggan's Knife {stab, EV+4 Stlth+}
 46078 | Desolati | Identified the ring of Yhufudod {Fire rElec rCorr Str+3
                  | Dex-5}
 46194 | Vaults:1 | Reached skill level 15 in Invocations
 46549 | Vaults:1 | Identified a scroll of acquirement
 47050 | Vaults:1 | Found Syuj's Magic Scroll Shoppe.
 47226 | Vaults:1 | Noticed Nikola
 47227 | Vaults:1 | Killed Nikola
 47246 | Vaults:1 | Reached XP level 21. HP: 181/186 MP: 27/33
 47660 | Elf:1    | Bought a potion of curing for 51 gold pieces
 47660 | Elf:1    | Bought a potion of curing for 51 gold pieces
 47660 | Elf:1    | Bought a potion of curing for 51 gold pieces
 47687 | Elf:1    | Bought a potion of curing for 93 gold pieces
 47687 | Elf:1    | Acquired the ring "Vuwet" {Will+ EV+5 Str+3}
 47887 | Vaults:2 | Found Fiadai's General Store.
 48001 | Vaults:2 | Found a staircase to the Crypt.
 48051 | Vaults:2 | Found Hylathro's Jewellery Boutique.
 48053 | Vaults:2 | Found Nololal's Magic Scroll Shoppe.
 48095 | Vaults:2 | Found Zikus's Armour Shoppe.
 48184 | Vaults:2 | Bought a scroll of blinking for 127 gold pieces
 48669 | Vaults:2 | Reached skill level 15 in Axes
 49061 | Vaults:2 | Found Saal's Armour Emporium.
 49756 | Vaults:3 | Paralysed by a formless jellyfish for 1 turns
 51163 | Vaults:4 | Found Panacwuese's Weapon Shop.
 51211 | Vaults:4 | Reached XP level 22. HP: 156/200 MP: 34/34
 52364 | Elf:2    | Gained mutation: Your body sometimes deteriorates upon
                  | taking damage. [a neqoxec]
 52474 | Elf:2    | Found Oloekugh's Assorted Antiques.
 52571 | Elf:2    | Found Lotiruc's Assorted Antiques.
 52613 | Elf:2    | Paralysed by an air elemental for 1 turns
 52870 | Elf:2    | Found a runed translucent gate.
 52873 | Elf:2    | Found a runed translucent gate.
 52873 | Elf:2    | Found a runed translucent gate.
 53632 | Elf:3    | Identified the of Qeony
 53632 | Elf:3    | Entered Level 3 of the Elven Halls
 53979 | Elf:3    | Paralysed by an air elemental for 1 turns
 54914 | Elf:3    | Identified the +5 demon trident "Ynloc" {freeze, Int+2}
 55113 | Elf:3    | Identified the ring of Asioji {rC+ Int+3}
 55649 | Elf:3    | Identified the +5 long sword "Grim Tooth" {heavy, rElec
                  | rPois rC++ Int-5 SInv}
 55695 | Elf:3    | Identified the +0 pair of gloves of Devotion {Will++}
 55708 | Elf:3    | Identified the staff of Wyrd {*Slow rPois Dex+4 Poison}
 55709 | Elf:3    | Identified the staff "String" {rPois Will+ Str+5 SInv
                  | Poison}
 55811 | Elf:2    | Bought a scroll of blinking for 255 gold pieces
 55811 | Elf:2    | Bought a scroll of acquirement for 1768 gold pieces
 55812 | Elf:2    | Acquired the amulet "Xirghat" {Acrobat Int+2 SInv}
 56054 | Depths:1 | Entered Level 1 of the Depths
 56069 | Depths:1 | Found a one-way gate to the infinite horrors of the Abyss.
 56122 | Depths:2 | Found a one-way gateway to a ziggurat.
 56331 | Depths:1 | Found a gateway to Hell.
 56461 | Depths:1 | Found Maijeqat's Self-Published Books.
 56466 | Depths:1 | Noticed Mara
 56473 | Depths:1 | Noticed Forgeling's illusion
 56600 | Depths:1 | Found Xorer's Armour Shoppe.
 56600 | Depths:1 | Found Cuoqal Ypse's Antique Weapon Emporium.
 56610 | Depths:1 | Reached skill level 15 in Fighting
 57058 | Depths:1 | Killed Mara
 57179 | Depths:1 | Reached skill level 15 in Shields
 57306 | Depths:2 | Noticed Margery
 57322 | Depths:1 | Killed Margery
 57323 | Depths:1 | Reached XP level 23. HP: 157/212 MP: 35/35
 57608 | Depths:2 | Found a one-way gate leading to the halls of Pandemonium.
 57657 | Depths:2 | Found a corrupted altar of Lugonu.
 57742 | Depths:2 | Noticed a caustic shrike
 57742 | Depths:2 | Noticed a caustic shrike
 57742 | Depths:2 | Noticed a caustic shrike
 57742 | Depths:2 | Identified the staff of Fedhas's Anger {rPois Will+ Dex+4
                  | Poison}
 57742 | Depths:2 | Noticed a caustic shrike
 57742 | Depths:2 | Noticed Saint Roka
 57757 | Depths:2 | Killed a caustic shrike
 57889 | Depths:2 | Killed a caustic shrike
 57896 | Depths:2 | Killed a caustic shrike
 58062 | Depths:2 | Killed Saint Roka
 58270 | Depths:2 | Killed a caustic shrike
 58294 | Depths:2 | Found the +3 giant club "Skullcrusher" {speed, Str+7}
 58354 | Depths:2 | Identified the ring "Zeclupp" {Str+6 Int+7 Dex+2}
 58413 | Depths:2 | Identified the serpent talisman of Plog {rC- Will+++ Str-2
                  | Int+2}
 58672 | Vaults:1 | Bought a scroll of enchant armour for 90 gold pieces
 58827 | Orc:1    | Bought a scroll of enchant armour for 262 gold pieces
 59044 | Depths:2 | Noticed Bai Suzhen
 59055 | Depths:2 | Killed Bai Suzhen
 61211 | Depths:4 | Entered Level 4 of the Depths
 61372 | Depths:4 | Noticed Sojobo
 61403 | Depths:4 | Killed Sojobo
 61870 | Depths:4 | Found a hazy altar of Hepliaklqana.
 61871 | Depths:4 | Found a shimmering altar of Xom.
 61872 | Depths:4 | Found a burning altar of Makhleb.
 62254 | Depths:4 | Reached XP level 24. HP: 191/210 MP: 35/35
 62447 | Depths:4 | Found a gate to the Realm of Zot.
 62577 | Depths:4 | Noticed a juggernaut
 62581 | Depths:4 | Killed a juggernaut
 63057 | Depths:4 | Noticed a juggernaut
 63059 | Depths:4 | Killed a juggernaut
 64115 | Depths:4 | Acquired 613 gold pieces
 64568 | Orc:1    | Bought a scroll of enchant weapon for 82 gold pieces
 64788 | Vaults:5 | Entered Level 5 of the Vaults
 64806 | Vaults:5 | Noticed an ancient lich
 65107 | Vaults:5 | Killed an ancient lich
 65184 | Vaults:5 | Noticed a dread lich
 65195 | Vaults:5 | Killed a dread lich
 65243 | Vaults:5 | Reached XP level 25. HP: 235/236 MP: 35/35
 65645 | Vaults:5 | Identified the scarf of the First Snow {shadows, *Corrode
                  | rPois rF+ Int+10}
 66093 | Vaults:5 | Identified the +1 chain mail "Vabur" {Will+}
 66147 | Vaults:5 | Identified the staff "Xeiph" {rElec rPois rN+ Str-5 Poison}
 66292 | Vaults:5 | Identified the staff "Acarineslayer" {rF++ rN+ Will- Str+3
                  | Necro}
 66295 | Vaults:5 | Identified the staff "Norathrann" {rF+ Int+3 Fire}
 66381 | Vaults:5 | Got a silver rune of Zot
 66799 | Vaults:5 | Identified the staff of Foolhardiness {rElec rPois Str+2
                  | Dex+2 Poison}
 67503 | Crypt:1  | Entered Level 1 of the Crypt
 70404 | Crypt:1  | Found an ancient bone altar of Kikubaaqudgha.
 70496 | Crypt:3  | Entered Level 3 of the Crypt
 71141 | Crypt:3  | Found a staircase to the Tomb.
 72244 | Crypt:3  | Found the +7 great mace "Undeadhunter" {deathbane, rN+}
 72251 | Crypt:3  | Reached XP level 26. HP: 225/246 MP: 36/36
 72304 | Crypt:3  | Found a basalt altar of Yredelemnul.
 72304 | Crypt:3  | Found an ancient bone altar of Kikubaaqudgha.
 72413 | Crypt:3  | Found the +5 Lochaber axe {reach-cleave, Poleaxe Drain}
 72420 | Crypt:3  | Identified the +7 morningstar "Pofisy" {freeze, rPois
                  | Will++ Str-2 Int+2}
 72425 | Crypt:3  | Identified the ring of Atzunib {rC+ rN+}
 72425 | Crypt:3  | Identified the ring "Ecrugh" {rN+ Str+2 Int+6}
 72463 | Crypt:3  | Acquired the +3 barding "Guntimp" {rC+ Str+3}
 72483 | Crypt:3  | Acquired the scarf of Autotheism {rC+ rF+, Dex+5}
 72902 | Zot:1    | Entered Level 1 of the Realm of Zot
 74289 | Zot:1    | Found a basalt altar of Yredelemnul.
 74816 | Zot:2    | Reached skill level 10 in Dodging
 75223 | Zot:2    | Identified the +5 ring mail of Weightlessness {Will+ Str+5}
 75254 | Zot:2    | Found a transporter.
 75633 | Zot:2    | Found a transporter.
 75713 | Zot:3    | Identified the "Etush"
 75715 | Zot:3    | Found a transporter.
 75715 | Zot:3    | Found a transporter.
 76042 | Zot:3    | You fall into a shaft and drop 1 floor!
 76316 | Zot:3    | Identified the ring of Faakuzxi {Ice Drain Will- Int+9
                  | SInv}
 76316 | Zot:3    | Noticed Josephina
 76329 | Zot:3    | Killed Josephina
 76785 | Zot:3    | Found a transporter.
 76976 | Zot:3    | Found a transporter.
 77028 | Zot:4    | Found a large runed translucent door.
 77029 | Zot:4    | Found a large runed translucent door.
 77031 | Zot:4    | Noticed Vyqe's ghost (master MfIE)
 77131 | Zot:4    | Found a stormy altar of Qazlal.
 77960 | Zot:4    | Identified the +7 falchion of Responsibility {heavy, rC-
                  | rN++ Str+2 SInv}
 78437 | Zot:4    | Identified the ring "Zohyuty" {Wiz rPois rCorr}
 78566 | Zot:5    | Entered Level 5 of the Realm of Zot
 78568 | Zot:5    | Noticed a dread lich
 78575 | Zot:5    | Reached XP level 27. HP: 261/263 MP: 36/36
 78577 | Zot:5    | Killed a dread lich
 78578 | Zot:5    | Noticed an ancient lich
 79445 | Zot:5    | Killed an ancient lich
 79547 | Zot:5    | Noticed a dread lich
 79554 | Zot:5    | Killed a dread lich
 79612 | Zot:5    | Noticed an orb of fire
 79615 | Zot:5    | Noticed an orb of fire
 79620 | Zot:5    | Killed an orb of fire
 79624 | Zot:5    | Noticed a dread lich
 79624 | Zot:5    | Killed an orb of fire
 79934 | Zot:4    | Killed a dread lich
 80229 | Zot:5    | Noticed a dread lich
 80233 | Zot:5    | Killed a dread lich
 80730 | Zot:5    | Noticed an orb of fire
 80735 | Zot:5    | Killed an orb of fire
 81183 | Zot:5    | Got the Orb of Zot
 81877 | D:1      | Noticed Jamoxabi the pandemonium lord
 81886 | D:$      | Escaped with the Orb!

Illustrated notes

Levels and vault maps discovered:
D:1:      psy_arrival_basics, layout_basic, serial_aquarium,
          aquarium_bridge_square [aquarium_subvault_window,
          aquarium_subvault_bridge, aquarium_subvault_bridge,
          aquarium_subvault_balcony], aquarium_window_2, aquarium_window_fake,
          aquarium_window_1, aquarium_view_2b, aquarium_pool_double,
          serial_shops, shop
D:2:      layout_basic
D:3:      layout_rooms, old_standard_altar, mainiacjoe_overflow_24_doors,
          shapermc_ecumenical_altar_mp_highgroup, serial_rivers,
          chequers_serial_rivers_large_a, chequers_serial_rivers_small_a,
          chequers_serial_rivers_micro_c, chequers_serial_rivers_large_b,
          chequers_serial_rivers_micro_a, chequers_serial_rivers_room_b,
          minmay_pentomino_pile
D:4:      layout_basic, minivault_25, nicolae_figureground_pulse
D:5:      layout_loops_corners, gammafunk_ghost_arena, uniq_sigmund
D:6:      kennysheep_slugbush, layout_rooms,
          hellmonk_okawaru_the_only_friend_you_need, hangedman_decor_lopped,
          kennysheep_crisscross, minmay_ruffians
D:7:      layout_basic, nicolae_kikubaaqudgha_miasma_corner,
          mainiacjoe_overflow_paths, minmay_temple_entry_stoned_glass,
          serial_corexii_hall, corexii_hall_statues_l, corexii_hall_statues_i,
          corexii_hall_statues_l, corexii_hall_statues_u,
          chequers_hall_statues_wall_a, chequers_hall_statues_wall_a,
          nrook_pool_corridor, minmay_guarded_unrand_staff_of_olgreb,
          uniq_joseph
D:8:      kennysheep_blocky_hall, layout_basic,
          mainiacjoe_overflow_concentric_impassable, lemuel_tele_altar,
          ploomutoo_gammafunk_ghost_potion_laboratory, chequers_garden,
          kennysheep_generic_room_13
D:9:      minmay_curly_fans, layout_rooms, erik_lair_island, uniq_erica
D:10:     layout_basic, minitemple, serial_aquarium,
          aquarium_bridge_island_small [aquarium_subvault_small_water,
          aquarium_subvault_wall, aquarium_subvault_balcony,
          aquarium_subvault_balcony, aquarium_subvault_bridge],
          aquarium_window_fake, aquarium_window_fake, aquarium_window_2,
          aquarium_window_2, aquarium_view_2g, aquarium_view_2b,
          aquarium_balcony_3b, aquarium_pool_double, nicolae_neqoxec_dot_bat,
          uniq_snorg
D:11:     layout_irregular_city, nicolae_where_there's_smoke, uniq_harold
D:12:     layout_basic, serial_glass, glass_columns_c, glass_columns_c,
          feat_on_display, due_unseen_surprise, item_on_display_a
D:13:     layout_roguey, lightli_vaults_fourway_checkpoint
D:14:     layout_gridville, bloody_trog, serial_shops, nicolae_shop_drivethru,
          uniq_nessos
D:15:     gammafunk_depths_entry_grave, layout_loops_cross, glass_columns_a,
          evilmike_ruin_ashenzari
Lair:1:   gammafunk_boulding_lane, layout_regular_city, serial_bayou_crossing,
          infiniplex_staircase_pool_2, uniq_gastronok, uniq_amaemon, uniq_grum,
          uniq_jeremiah, uniq_nergalle
Lair:2:   layout_roguey, nicolae_shoals_entry_roost,
          spider_nest_entry_web_field, gauntlet_entry_generic
Lair:3:   layout_chaotic_city, minmay_stone_trees_small
Lair:4:   layout_misc_corridors, minmay_slime_entry_oklob_open,
          portal_ice_cave_entry_animals_and_master, gammafunk_ghost_icy
Lair:5:   minmay_lair_end_enchanted_forest, layout_cellular_growth, basic_altar
Shoals:1: nicolae_shoals_lighthouse, layout_shoals, uniq_donald
Shoals:2: layout_shoals, ebering_ghost_rock_garden, uniq_ilsuiw
Shoals:3: layout_shoals, serial_shops, shop, nicolae_shop_statue_plus,
          nicolae_stop_n_shop_2, shop, abandoned_shop, st_sunken_temple,
          uniq_polyphemus
Shoals:4: shoals_end_grunt_garden, layout_shoals
Spider:1: layout_spider_delve
Spider:2: layout_spider_delve
Spider:3: layout_chambers, spiders_nest_spider_trap
Spider:4: hellmonk_spider_rune_endless_swarm,
          hangedman_spider_tarantella_strand, uniq_roxanne, uniq_arachne
Orc:1:    layout_caves, serial_shops, nicolae_shop_competitors_out_of_business,
          shop, shop, nicolae_shop_rolled_up, shop, uniq_fannar
Orc:2:    st_orc_ogre_mass, layout_caves, nicolae_volcano_entry_batcave,
          serial_shops, nicolae_shop_advertising_works
          [nicolae_subvault_shop_adworks], uniq_azrael
Elf:1:    elf_arrival_002, layout_gridlike, serial_shops,
          nicolae_shop_tiny_real_fake_doors, minivault_28, minmay_shop_star
Elf:2:    nicolae_elf_blades_splatter_lattice [nicolae_blade_tridents],
          layout_geoelf_octagon, serial_shops, shop, shop,
          dreamdust_princess_bridge, grunt_ministairs_3
Elf:3:    minmay_elf_hall_dome, layout_geoelf_octagon, grunt_ministairs_5
Vaults:1: portal_desolation_entry_nicolae_slug,
          nicolae_vaults_storage_closets_3, vaults_dpeg_spiral, v_pattern_5,
          nicolae_vaults_network_quincunx
          [nicolae_vaults_network_quincunx_subvault,
          nicolae_vaults_network_quincunx_subvault,
          nicolae_vaults_network_quincunx_subvault,
          nicolae_vaults_network_quincunx_subvault,
          nicolae_vaults_network_quincunx_subvault], hangedman_vaults_slither,
          nicolae_vaults_know_your_exits, ontoclasm_vaults_idyll,
          nicolae_vaults_border_crossing, nicolae_vaults_trapezoid_lopsided_2,
          nicolae_vaults_little_squares_5, nicolae_vaults_asterisk,
          nicolae_vaults_two_Ls, grunt_vaults_funnel, layout_vaults_maze,
          serial_shops, nicolae_shop_back_alley_shop, uniq_nikola
Vaults:2: minmay_crypt_entry_simple_round, dpeg_vaults_monster_box,
          nicolae_vaults_little_squares_1, nicolae_vaults_specimen_jars,
          ontoclasm_vaults_chip, hangedman_vaults_trim,
          nicolae_vaults_three_branches, layout_vaults_omnigrid, serial_shops,
          shop, shop_scrolls, nicolae_shop_temple_entry_statues_fountains, shop
Vaults:3: nicolae_vaults_windows_and_doors_thing,
          nicolae_vaults_closet_pinwheel_5, hangedman_vaults_nails,
          ontoclasm_vaults_tryst, nicolae_vaults_tetromino_T_1,
          nicolae_vaults_security_offices_1, grunt_vaults_diagonal,
          ontoclasm_vaults_idyll, nicolae_vaults_hexular_roomagon,
          nicolae_vaults_sightless_eye, hangedman_vaults_stretched_pinwheel,
          hangedman_vaults_nails, nicolae_vaults_double_plus_1,
          layout_vaults_big_room
Vaults:4: hangedman_vaults_slice, nicolae_vaults_door_testing_chamber,
          nicolae_vaults_what_the_h, nicolae_vaults_disjoint_gnomons,
          nicolae_vaults_taking_the_gang_shopping,
          nicolae_vaults_trapezoid_lopsided_3, v_misc_5,
          vaults_room_fancy_cross, nicolae_vaults_asterisk,
          nicolae_vaults_an_arrangement, nicolae_vaults_little_squares_3,
          ontoclasm_vaults_bender, layout_vaults_omnibox
Vaults:5
Crypt:1:  layout_catacombs, st_chilly_death, lemuel_upstairs_altar,
          roderic_lattice_octagonal_star
Crypt:2:  layout_basic, minivault_4, minmay_misc_feat_rows
Crypt:3:  lightli_unholy_cathedral, layout_chaotic_city,
          tomb_entry_simple_bobbens, minmay_misc_feat_pillars, st_stairs_8
Depths:1: layout_honeycomb, hell_entry, hangedman_abyss_entry_splay,
          nicolae_custom_books, kennysheep_pointless_box, nicolae_tricolors,
          grunt_megastairs_2, minmay_shoptagon, serial_bayou_shore_a, uniq_mara
Depths:2: grunt_arcs, layout_long_grid, enter_ziggurat_e, grunt_metal_band,
          grunt_pan_entry_zigzag, abyss_entry_flame_altar,
          minmay_staircase_bubble, uniq_saint_roka, uniq_bai_suzhen
Depths:3: kennysheep_blocky_room, layout_cave_shapes, abyss_entry,
          chequers_big_river, pf_dread_powers_of_hell
Depths:4: hangedman_slaughterboxes, hell_entry, abyss_entry, pan_entry,
          uniq_sojobo
Zot:1:    layout_cathedral_of_symmetry, regret_index_zotdec_iron_s, drop_trap
Zot:2:    gammafunk_dig_for_victory, layout_basic
Zot:3:    layout_basic, nicolae_transporter_intersection, grunt_megastairs_5,
          uniq_josephina
Zot:4:    kennysheep_oblong_rooms, layout_twisted_circle,
          regret_index_zotdec_storm_pass, ebering_ghost_disaster_area,
          st_small_dragon_hoard_5
Zot:5:    layout_misc_corridors

Skill      XL: |  1  2  3  4  5  6  7  8  9 10 11 12 13 14 15 16 17 18 19 20 21 22 23 24 25 26 27 |
---------------+----------------------------------------------------------------------------------+-----
Maces & Flails | 2 3 4 5 7 10 11 12 13 15 16 | 16.0
Fighting       | 3 4 5 6 7 8 10 12 13 15 17 19 21 | 21.6
Invocations    | 3 6 9 13 14 16 17 19 21 | 21.0
Armour         | 8 12 13 14 16 18 20 | 20.0
Stealth        | 8 10 | 10.0
Evocations     | 9 10 11 14 | 14.0
Shields        | 9 11 13 15 16 17 | 17.0
Dodging        | 6 7 8 12 | 12.0
Axes           | 8 13 16 18 19 20 | 20.3

Action                     |  1- 3 |  4- 6 |  7- 9 | 10-12 | 13-15 | 16-18 | 19-21 | 22-24 | 25-27 || total
---------------------------+-------+-------+-------+-------+-------+-------+-------+-------+-------++-------
  Melee: Mace              |   124 |   129 |       |       |       |       |       |       |       ||   253
         Tailslap          |    11 |    16 |    46 |   112 |   173 |   338 |   524 |   271 |   287 ||  1778
         Punch             |     1 |     1 |     6 |     7 |    11 |     2 |       |       |       ||    28
         Flail             |       |    29 |   300 |   198 |       |       |       |       |       ||   527
         Demon whip        |       |       |       |   451 |   735 |    70 |       |       |       ||  1256
         Morningstar       |       |       |       |       |   214 |  1056 |       |       |       ||  1270
         War axe           |       |       |       |       |       |   444 |   941 |   137 |   225 ||  1747
         Broad axe         |       |       |       |       |       |       |  1059 |  1368 |  1104 ||  3531
   Fire: Sling             |    39 |    12 |       |       |       |       |       |       |       ||    51
  Throw: Dart              |       |    20 |    10 |     6 |       |       |       |       |       ||    36
         Javelin           |       |       |       |     4 |       |       |       |       |       ||     4
 Invoke: Stomp             |       |       |       |     1 |       |       |     8 |       |       ||     9
         Grand Finale      |       |       |       |       |       |     6 |    12 |     7 |     7 ||    32
         Line Pass         |       |       |       |       |       |       |     7 |       |     1 ||     8
  Evoke: Wand              |       |     1 |    26 |    36 |     5 |    14 |    13 |     9 |     6 ||   110
         Tin of tremorston |       |       |       |       |       |     3 |     2 |     5 |       ||    10
         Phantom mirror    |       |       |       |       |       |     2 |     2 |     1 |       ||     5
    Use: Scroll            |     1 |     5 |     3 |     8 |     7 |    11 |    10 |    33 |    15 ||    93
         Potion            |       |     2 |     1 |    12 |     2 |     4 |    11 |     2 |     5 ||    39
   Stab: Sleeping          |    10 |    11 |     2 |     3 |     4 |     9 |       |       |       ||    39
         Distracted        |       |     1 |     2 |       |     3 |     3 |       |       |       ||     9
         Paralysed         |       |     1 |    21 |    49 |    67 |   166 |   312 |   215 |   225 ||  1056
         Invisible         |       |       |       |       |     2 |       |       |       |       ||     2
         Petrified         |       |       |       |       |       |     3 |       |       |       ||     3
         Confused          |       |       |       |       |       |       |     8 |       |       ||     8
 Armour: Leather armour    |    80 |   116 |       |       |       |       |       |       |       ||   196
         Ring mail         |       |    29 |   202 |       |       |       |       |       |       ||   231
         Scale mail        |       |       |    51 |   466 |   477 |   582 |       |       |       ||  1576
         Chain mail        |       |       |       |       |    87 |       |       |       |       ||    87
         Acid dragon scale |       |       |       |       |       |     3 |       |       |       ||     3
         Plate armour      |       |       |       |       |       |  1032 |  1389 |   701 |       ||  3122
         Gold dragon scale |       |       |       |       |       |       |       |   631 |  1562 ||  2193
         Skin              |       |       |       |       |       |       |       |       |     1 ||     1
  Dodge: Dodged            |    83 |    83 |   102 |   156 |   136 |   368 |   340 |   313 |   378 ||  1959
  Block: Other             |       |       |       |    30 |   101 |    25 |       |       |       ||   156
         Reflection        |       |       |       |     1 |     2 |    82 |    53 |    34 |    13 ||   185
         Kite shield       |       |       |       |       |       |  1328 |  1311 |   690 |   786 ||  4115

Table legend: (Time is in decaauts)
 A = Elapsed time spent in this place.
 B = Non-inter-level travel time spent in this place.
 C = Inter-level travel time spent in this place.
 D = Time resting spent in this place.
 E = Time spent auto-exploring this place.
 F = Levels seen in this place.
 G = Mean time per level.
                   A        B        C        D        E       F      G
               +--------+--------+--------+--------+--------+-----+--------+
         Total |  80691 |  71946 |   8745 |   8052 |  45329 |  53 | 1522.5 |
       Dungeon |  22205 |  18772 |   3433 |   2277 |  12353 |  15 | 1480.3 |
          Lair |   9506 |   8315 |   1191 |   1564 |   4505 |   5 | 1901.2 |
        Shoals |   3537 |   3308 |    229 |    210 |   1770 |   4 |  884.2 |
   Spider Nest |   5964 |   5364 |    600 |    107 |   3623 |   4 | 1491.0 |
  Orcish Mines |   2679 |   1998 |    681 |    255 |   1273 |   2 | 1339.5 |
   Elven Halls |   4942 |   4440 |    502 |    227 |   2838 |   3 | 1647.3 |
        Vaults |   7504 |   6867 |    637 |    336 |   4713 |   5 | 1500.8 |
         Crypt |   5179 |   4792 |    387 |    626 |   3222 |   3 | 1726.3 |
        Depths |   8708 |   7999 |    709 |    857 |   5331 |   4 | 2177.0 |
           Zot |   8110 |   7740 |    370 |   1113 |   4881 |   5 | 1622.0 |
      Ice Cave |    963 |    963 |      0 |    219 |    410 |   1 |  963.0 |
       Volcano |    293 |    293 |      0 |    162 |      0 |   1 |  293.0 |
    Desolation |   1096 |   1096 |      0 |     99 |    410 |   1 | 1096.0 |
               +--------+--------+--------+--------+--------+-----+--------+

Top non-repeatable levels by time:
Depths:4: 3601 daAuts
Spider:3: 2536 daAuts
  Lair:1: 2441 daAuts
   Zot:4: 2436 daAuts
     D:5: 2180 daAuts
  Lair:2: 2178 daAuts
 Crypt:2: 2101 daAuts
   Elf:3: 2024 daAuts
     D:6: 1979 daAuts
   Zot:5: 1977 daAuts
Vaults:5: 1972 daAuts
    D:13: 1913 daAuts
     D:7: 1892 daAuts
  Lair:5: 1823 daAuts
Depths:2: 1823 daAuts
